 Dungeon Crawl Stone Soup version 0.28-a0-1412-gf95308ed99 (webtiles) character file.

Game seed: 9349461051857319472

42 siradein the Skirmisher (level 3, 0/30 HPs)
             Began as a Djinni Cinder Acolyte on Jan 6, 2022.
             Was a High Priest of Ignis.
             Slain by a hobgoblin (4 damage)
             ... on level 2 of the Dungeon.
             The game lasted 00:04:53 (2005 turns).

siradein the Skirmisher (Djinni Cinder Acolyte)     Turns: 2005, Time: 00:04:54

Health: 0/30       AC:  6    Str: 13    XL:     3   Next: 80%
Gold:   24         EV:  9    Int: 15    God:    Ignis [*****.] SH:  0 Dex: 10

rFire   + + +      SeeInvis .   a - -1 falchion (flame)
rCold   x . .      Faith    .   (no shield)
rNeg    . . .      Spirit   .   c - +0 scale mail
rPois   ∞          Reflect  .   (no helmet)
rElec   .          Harm     .   (no cloak)
rCorr   .          Rampage  .   (no gloves)
Will    .....                   (boots unavailable)
Stlth   ..........              (no amulet)
HPRegen 0.10/turn               (no ring)
MPRegen 0.00/turn               (no ring)

@: flying
A: sickness immunity, fire resistance 2, cold vulnerability 1, float, innate
caster, hp casting, extra vitality 1
a: Renounce Religion, Fiery Armour, Foxfire Swarm, Rising Flame


You were on level 2 of the Dungeon.
You worshipped Ignis.
Ignis was extremely pleased with you.
You visited 1 branch of the dungeon, and saw 2 of its levels.

You collected 24 gold pieces.

Inventory:

Hand Weapons
 a - a -1 falchion of flaming (weapon)
Armour
 c - a +0 scale mail (worn)
Scrolls
 b - a scroll of blinking {unknown}
 d - 2 scrolls of identify {unknown}
 e - a scroll of teleportation {unknown}
Potions
 f - 3 potions of flight {unknown}
 g - 2 potions of haste {unknown}


   Skills:
 + Level 3.3 Fighting
 + Level 3.0 Long Blades
 + Level 1.1 Armour
 + Level 1.3 Dodging
 + Level 2.6 Spellcasting


You had 4 spell levels left.
You knew the following spells:

 Your Spells              Type           Power      Damage    Failure   Level
a - Scorch                Fire           18%        2d5       45%         2
b - Beastly Appendage     Tmut           18%        N/A       34%         1
Your spell library was empty.

Dungeon Overview and Level Annotations

Branches:
Dungeon (2/15)

Altars:

Annotations:
D:2 Sigmund


Innate Abilities, Weirdness & Mutations

You are immune to sickness and miasma.
You are immune to poison.
Your flesh is very heat resistant. (rF++)
You are vulnerable to cold. (rC-)
You float through the air rather than walking.
You learn spells naturally, not from books.
Your magical power is your life essence.
You have superior vitality. (+4 MHP)


Message History

The endoplasm is severely wounded.
The endoplasm freezes you.
You are frozen.
You feel a terrible chill!
You slash the endoplasm! You burn the endoplasm.
You kill the endoplasm!
No target in view!
No target in view!
f - 3 black potions (gained 1)
A hobgoblin comes into view.
The hobgoblin shouts!
Sigmund the Dreaded comes into view.
He is wielding a +3 scythe of holy wrath.
Sigmund shouts!
Found 6 gold pieces.
The hobgoblin hits you but does no damage.
Sigmund gestures wildly while chanting.
Sigmund flickers and vanishes!
Deactivating autopickup; reactivate with Ctrl-A.
You barely miss the hobgoblin. The hobgoblin barely misses you.
You closely miss the hobgoblin. The hobgoblin barely misses you.
You hit the hobgoblin but do no damage. The hobgoblin barely misses you.
Something hits you.
You closely miss the hobgoblin. The hobgoblin hits you. Something hits you.
A rat comes into view.
The hobgoblin hits you but does no damage.
You hit the rat but do no damage. The rat misses you.
The hobgoblin hits you but does no damage.
You hit the rat but do no damage. Something hits you but does no damage.
The rat closely misses you. The hobgoblin hits you.
You hit the rat but do no damage.
The hobgoblin hits you but does no damage.
The rat bites you but does no damage. Something completely misses you.
You barely miss the rat. The rat closely misses you.
The hobgoblin hits you but does no damage.
You hit the rat but do no damage. Something hits you.
The rat bites you but does no damage. The hobgoblin barely misses you.
You closely miss the rat. The rat bites you but does no damage.
The hobgoblin barely misses you. Something hits you!
* * * LOW HITPOINT WARNING * * *
The rat bites you but does no damage. The hobgoblin hits you.
You die...

#.###.................
..# ##................
#### ##..............#
##.............$
##.....#......#
##.####.....## #{#
###### #g# #@# #r# #.#
#.# #.# #.. ###


You could see a hobgoblin and a rat.

Vanquished Creatures
  A worm (D:2)
  2 dart slugs (D:1)
  A ball python (D:1)
  5 endoplasms
  2 giant cockroaches (D:1)
  4 goblins
  4 hobgoblins
  3 kobolds (D:1)
  3 bats (D:1)
  5 frilled lizards (D:1)
  3 rats (D:1)
33 creatures vanquished.

Notes
Turn   | Place    | Note
-------+----------+-------------------------------------------
     0 | D:1      | siradein the Djinni Cinder Acolyte began the quest for the
                  | Orb.
     0 | D:1      | Reached XP level 1. HP: 20/20 MP: 0/0
   447 | D:1      | Reached XP level 2. HP: 25/25 MP: 0/0
   877 | D:1      | Reached XP level 3. HP: 21/30 MP: 0/0
   877 | D:1      | Learned a level 1 spell: Beastly Appendage
   881 | D:1      | Reached skill level 1 in Dodging
  1158 | D:1      | Reached skill level 1 in Armour
  1986 | D:2      | Noticed Sigmund
  2005 | D:2      | Slain by a hobgoblin

Illustrated notes

Levels and vault maps discovered:
D:1:      scummos_arrival_hexagon, layout_basic, st_stairs_6,
          minmay_pentomino_x4
D:2:      layout_loops_corners, ebering_ecumenical_altar_rust,
          kennysheep_decorative_pillar, uniq_sigmund

Skill      XL: |  1  2  3 |
---------------+----------+-----
Dodging        | 1 |  1.3
Armour         | 1 |  1.1
Long Blades    | 3 |  3.0
Fighting       | |  3.3
Spellcasting   | |  2.6

Action                   || total
-------------------------++-------
Melee: Falchion          ||   127
Armor: Leather armour    ||    28
       Scale mail        ||    19
       Ring mail         ||     4
Dodge: Dodged            ||    72

Table legend: (Time is in decaauts)
 A = Elapsed time spent in this place.
 B = Non-inter-level travel time spent in this place.
 C = Inter-level travel time spent in this place.
 D = Time resting spent in this place.
 E = Time spent auto-exploring this place.
 F = Levels seen in this place.
 G = Mean time per level.
                   A        B        C        D        E       F      G
               +--------+--------+--------+--------+--------+-----+--------+
         Total |   2025 |   2010 |     15 |    208 |   1502 |   2 | 1012.5 |
       Dungeon |   2025 |   2010 |     15 |    208 |   1502 |   2 | 1012.5 |
               +--------+--------+--------+--------+--------+-----+--------+

Top non-repeatable levels by time:
     D:1: 1544 daAuts
     D:2: 480 daAuts
